 Dungeon Crawl Stone Soup version 0.30-a0-739-gea05faddec (webtiles) character file.

Game seed: 8654181027656049899

240472 BubbleThief the Phalangite (level 18, -2/162 HPs)
             Began as a Demonspawn Gladiator on Feb 5, 2023.
             Was a Follower of Yredelemnul.
             Slain by an ironbound preserver
             ... wielding a +0 morningstar
             ... led by a vault warden
              (16 damage)
             ... on level 14 of the Dungeon.
             The game lasted 01:09:21 (29955 turns).

BubbleThief the Phalangite (Demonspawn Gladiator)  Turns: 29955, Time: 01:09:21

Health: -2/162     AC: 30    Str: 26    XL:     18   Next: 62%
Magic:  20/21      EV: 14    Int:  6    God:    Yredelemnul [*.....]
Gold:   689        SH:  0    Dex: 20    Spells: 17/17 levels left

rFire   . . .      SeeInvis .    v - +4 bardiche (freeze)
rCold   + . .      Faith    .    (shield currently unavailable)
rNeg    + + .      Spirit   .    I - +4 chain mail
rPois   +          Reflect  .    y - +1 helmet
rElec   .          Harm     +    O - +1 cloak of Starlight {*Dazzle EV+4 Stlth--}
rCorr   .          Rampage  .    (gloves unavailable)
Will    +....                    w - +2 pair of boots "Riarurot" {Harm Dex+3 Stlth+} Stlth
                                 r - amulet of regeneration
HPRegen 1.27/turn                s - ring of Giubuv {rN+ Str+5}
MPRegen 0.17/turn                Q - ring "Suotsaw" {rPois rC+ rN+ Int-5 Dex+2}

@: no status effects
A: claws 3, slimy green scales 2, spiny 2, demonic magic 1, corrupting presence
1
}: 2/15 runes: serpentine, barnacled
a: Renounce Religion, Recall Undead Harvest


You were on level 14 of the Dungeon.
You worshipped Yredelemnul.
Yredelemnul was noncommittal.
You visited 6 branches of the dungeon, and saw 31 of its levels.
You also visited: Ossuary and Ice Cave.

You collected 5889 gold pieces.
You spent 5200 gold pieces at shops.

Inventory:

Hand Weapons
 v - a +4 bardiche of freezing (weapon)
 H - a +3 demon trident of venom
Missiles
 d - 8 throwing nets (quivered)
 e - 12 javelins
 q - 6 silver javelins
Armour
 w - the +2 pair of boots "Riarurot" (worn) {Harm Dex+3 Stlth+}
   (You found it on level 5 of the Dungeon)

   Dex:       It affects your dexterity (+3).
   Harm:      It increases damage dealt and taken.
   Stlth:     It makes you more stealthy.
 y - a +1 helmet (worn)
 I - a +4 chain mail (worn)
 O - the +1 cloak of Starlight (worn) {*Dazzle EV+4 Stlth--}
   (You acquired it on level 14 of the Dungeon)

   *Dazzle:   It may blind those who miss an attack against the wearer in melee
   combat.
   EV:        It affects your evasion (+4).
   Stlth:     It makes you much less stealthy.
 P - a +2 cloak of cold resistance
Jewellery
 i - a +5 ring of evasion
 r - an amulet of regeneration (around neck)
 s - the ring of Giubuv (left claw) {rN+ Str+5}
   (You bought it in a shop on level 1 of the Shoals)

   [ring of positive energy]

   Str:       It affects your strength (+5).
   rN:        It protects you from negative energy.
 D - a ring of willpower
 J - a +4 ring of slaying
 Q - the ring "Suotsaw" (right claw) {rPois rC+ rN+ Int-5 Dex+2}
   (You bought it in a shop on level 3 of the Snake Pit)

   [ring of protection from cold]

   Int:       It affects your intelligence (-5).
   Dex:       It affects your dexterity (+2).
   rC:        It protects you from cold.
   rPois:     It protects you from poison.
   rN:        It protects you from negative energy.
 S - a ring of see invisible
 T - a ring of resist corrosion
Wands
 u - a wand of digging (12)
 A - a wand of acid (21)
 M - a wand of iceblast (35)
Scrolls
 a - a scroll of silence
 f - 5 scrolls of amnesia
 g - 7 scrolls of fear
 k - 17 scrolls of identify
 l - 7 scrolls of teleportation
 B - a scroll of summoning
 C - 2 scrolls of fog
 F - 5 scrolls of enchant armour
 G - 5 scrolls of blinking
 R - 3 scrolls of magic mapping
Potions
 b - 6 potions of mutation
 c - 3 potions of invisibility
 h - 8 potions of resistance
 j - 4 potions of haste
 m - 6 potions of cancellation
 n - 12 potions of heal wounds
 o - 17 potions of curing
 p - 7 potions of might
 t - 7 potions of flight
 x - 2 potions of magic
 z - 9 potions of lignification
 E - 5 potions of attraction
 K - 3 potions of berserk rage
 N - 4 potions of brilliance


   Skills:
 - Level 20.0 Fighting
 - Level 24.0 Polearms
 - Level 1.7 Throwing
 - Level 16.1 Armour
 - Level 2.6 Dodging
 + Level 5.0 Invocations


You had 17 spell levels left.
You didn't know any spells.
Your spell library contained the following spells:

 Spells                   Type           Power      Damage    Failure   Level
 Kiss of Death            Conj/Necr      0%         2d5       87%         1
 Magic Dart               Conj           0%         1d3       87%         1
 Call Imp                 Summ           0%         N/A       95%         2
 Cigotuvi's Dreadful Rot  Necr/Pois/Air  0%         N/A       95%         2
 Ensorcelled Hibernation  Hex/Ice        0%         N/A       95%         2
 Passwall                 Tmut/Erth      0%         N/A       95%         2
 Poisonous Vapours        Pois/Air       0%         N/A       95%         2
 Confusing Touch          Hex            0%         N/A       99%         3
 Gell's Gravitas          Tloc           0%         N/A       99%         3
 Hailstorm                Conj/Ice       0%         3d3       99%         3
 Ignite Poison            Fire/Tmut/Pois 0%         N/A       99%         3
 Inner Flame              Hex/Fire       0%         N/A       99%         3
 Kindle Blastsparks       Fire/Tloc/Air  0%         2d10      99%         3
 Mephitic Cloud           Conj/Pois/Air  0%         N/A       99%         3
 Ozocubu's Armour         Ice            0%         N/A       99%         3
 Spider Form              Tmut/Pois      0%         N/A       99%         3
 Swiftness                Air            0%         N/A       99%         3
 Teleport Other           Tloc           0%         N/A       99%         3
 Tukima's Dance           Hex            0%         N/A       99%         3
 Anguish                  Hex/Necr       0%         N/A       100%        4
 Animate Armour           Summ/Erth      0%         N/A       100%        4
 Cause Fear               Hex            0%         N/A       100%        4
 Dispel Undead            Necr           0%         3d6       100%        4
 Flame Wave               Conj/Fire      0%         2d4       100%        4
 Passage of Golubria      Tloc           0%         N/A       100%        4
 Sticky Flame             Conj/Fire      0%         2d3       100%        4
 Summon Ice Beast         Ice/Summ       0%         N/A       100%        4
 Alistair's Intoxication  Tmut/Pois      0%         N/A       100%        5
 Blade Hands              Tmut           0%         N/A       100%        5
 Borgnjor's Vile Clutch   Necr/Erth      0%         N/A       100%        5
 Freezing Cloud           Conj/Ice/Air   0%         6-21      100%        5
 Irradiate                Conj/Tmut      0%         3d11      100%        5
 Metabolic Englaciation   Hex/Ice        0%         N/A       100%        5
 Yara's Violent Unravell  Hex/Tmut       0%         3d3       100%        5
 Dispersal                Tloc           0%         N/A       100%        6
 Eringya's Noxious Bog    Tmut/Pois      0%         N/A       100%        6
 Iron Shot                Conj/Erth      0%         9d1       100%        6
 Dragon Form              Tmut           0%         N/A       100%        7
 Ozocubu's Refrigeration  Ice            0%         4d7       100%        7
 Dragon's Call            Summ           0%         N/A       100%        9


Dungeon Overview and Level Annotations

Branches:
Dungeon (15/15)            Temple (0/1) D:4            Lair (5/5) D:8
 Shoals (4/4) Lair:2        Snake (4/4) Lair:2        Slime (0/5) Lair:4
    Orc (2/2) D:12            Elf (0/3) Orc:2        Vaults (1/5) D:14
 Depths (0/4) D:15        Ossuary (visited)           IceCv (visited)

Altars:
Gozag
Hepliaklqana
Kikubaaqudgha
Makhleb
Okawaru
Sif Muna
Trog
Uskayaw
Yredelemnul
Jiyva

Shops:
D:5 (   D:9 *   Orc:1 :   Orc:2 =[(!   Shoals:1 =   Shoals:2 *   Shoals:3 [
Snake:3 =:=*


Innate Abilities, Weirdness & Mutations

You have claws for hands.
You are mostly covered in slimy green scales. (AC +3)
You are mostly covered in sharp spines.
Spells you cast may paralyse adjacent enemies.
Your presence sometimes corrodes those you injure.


Message History

The runic seals fade away.
The ironbound preserver is struck by your spines.
The ironbound preserver hits you with a +0 morningstar!
* * * LOW HITPOINT WARNING * * *
The green ugly thing is struck by your spines.
The green ugly thing claws you but does no damage.
You go up through the gate.
Welcome back to the Dungeon!
There is a gate to the Vaults here.
Unknown command.
Unknown command.
You hit the ironbound preserver. You freeze the ironbound preserver.
The ironbound preserver is severely wounded.
The ironbound preserver closely misses you.
You hit the ironbound preserver. You freeze the ironbound preserver.
The ironbound preserver is severely wounded.
The green ugly thing claws you but does no damage.
The ironbound preserver closely misses you.
You hit the ironbound preserver. You freeze the ironbound preserver.
The ironbound preserver is severely wounded.
The green ugly thing is struck by your spines.
The green ugly thing closely misses you.
You slice the green ugly thing!! You freeze the green ugly thing.
You kill the green ugly thing!
The dead are walking!
The ironbound preserver is struck by your spines.
The ironbound preserver hits you with a +0 morningstar.
* * * LOW HITPOINT WARNING * * *
Your Invocations skill increases to level 5!
You hit the ironbound preserver. You freeze the ironbound preserver.
The ironbound preserver is severely wounded.
The ironbound preserver hits you with a +0 morningstar!!
* * * LOW HITPOINT WARNING * * *
You barely miss the ironbound preserver.
The ironbound preserver is severely wounded.
Your ugly thing zombie hits the ironbound preserver but does no damage.
You hit the ironbound preserver but do no damage.
The ironbound preserver is severely wounded.
The ironbound preserver hits you with a +0 morningstar!
You die...
Your body rises from the dead as a mindless zombie.

....~≈#########
...~≈≈#...#..[#
#.~≈≈≈[.[.'...#
#.~≈≈≈....#...#
#.~≈≈≈#####...#
#.~~≈≈# #...#
#..~~~#####...#####
......'.......#⌠.⌠#
......'.)[#...'[@p#
#.)...'.......#⌠.Z#
#..~~~#####...#####
#.~≈≈≈# #...#
#.~≈≈≈#####...#
..~≈≈≈....#[..#
..~≈≈≈...)[...#
...~≈≈#...#...#
....~≈#########


You could see an ironbound preserver (ally target) and a friendly ugly thing
zombie.

Vanquished Creatures
  A sphinx (Vaults:1)
  A quicksilver dragon (Snake:4)
  Gastronok (D:11)
  A kraken (Shoals:2)
  Kirke (Shoals:2)
  The ghost of sirJeffrey23 the Slayer, a journeyman MiFi of the Shining One (Orc:2)
  Ilsuiw (Shoals:2)
  A frost giant (IceCv)
  2 nagarajas
  3 vault wardens (Vaults:1)
  Aizul (Shoals:3)
  An ironbound preserver (Vaults:1)
  The ghost of Valagong the Severer, a journeyman MiFi of Okawaru (Lair:1)
  9 merfolk impalers
  5 merfolk javelineers
  A fire dragon (D:14)
  A deep elf death mage (Shoals:2)
  Josephine (D:14)
  A great orb of eyes (Lair:1)
  The ghost of Liwostraq the Nimble, a journeyman MeFi of Okawaru (Lair:3)
  Harold (Lair:1)
  4 vault guards (D:14)
  2 salamander tyrants (Snake:4)
  2 alligator snapping turtles (Shoals:4)
  9 anacondas
  Erica (D:10)
  2 hydras
  2 ogre magi
  2 merfolk avatars
  2 centaur warriors
  A catoblepas (Lair:3)
  A boulder beetle (D:12)
  2 merfolk aquamancers
  6 two-headed ogres
  11 death yaks
  4 shock serpents
  9 naga warriors
  A satyr (Shoals:1)
  Urug (Lair:1)
  12 naga sharpshooters
  2 deep elf knights (Shoals:2)
  4 skeletal warriors (D:14)
  3 salamander mystics
  2 spriggan riders (Lair:5)
  The ghost of jimonade the Cutter, a novice DjHW of Ashenzari (D:8)
  4 deep trolls (Vaults:1)
  9 sea snakes
  5 naga ritualists
  A wizard (Vaults:1)
  A lindwurm (Lair:4)
  4 deep elf pyromancers
  An ironbound convoker (Vaults:1)
  3 orc knights
  16 harpies
  3 deep elf zephyrmancers (Shoals:2)
  9 mana vipers
  A necromancer (Orc:1)
  11 ugly things
  8 cyclopes
  5 salamanders
  3 fauns
  14 manticores
  5 elephants
  50 black mambas
  5 guardian serpents
  11 naga magi
  12 merfolk sirens
  A black mamba (shapeshifter) (D:13)
  3 water nymphs
  3 gargoyles
  A torpor snail (Lair:3)
  6 cane toads
  Maggie (Lair:1)
  2 rime drakes (Lair:4)
  A kobold demonologist (D:11)
  A yaktaur (D:14)
  A freezing wraith (D:13)
  3 tengu conjurers (D:14)
  4 komodo dragons
  A rime drake (shapeshifter) (D:13)
  8 trolls
  25 merfolk
  2 meliai (D:14)
  6 wind drakes
  9 polar bears
  5 hornets
  18 dream sheep
  12 blink frogs
  7 snapping turtles
  3 slime creatures (Lair:1)
  Sigmund (D:3)
  A shadow (D:9)
  A vampire (D:12)
  6 water elementals
  8 spriggans (Lair:5)
  5 wyverns
  5 wraiths
  5 hogs (Shoals:2)
  47 yaks
  6 steam dragons
  2 basilisks
  3 wargs
  8 vampire mosquitoes
  21 nagas
  3 acid dragons
  16 water moccasins
  A sky beast (D:6)
  26 orc warriors
  An ice beast (D:8)
  A black bear (D:6)
  10 ogres
  31 wolves
  22 centaurs
  3 boggarts (Lair:5)
  2 phantoms (D:5)
  5 kobold brigands
  3 necrophages
  3 gnoll sergeants
  2 scorpions
  13 bullfrogs
  A cyclops skeleton (Orc:1)
  A wight (D:8)
  An orc simulacrum (Orc:1)
  12 killer bees
  3 howler monkeys
  A troll skeleton (Orc:1)
  An electric eel (Lair:1)
  3 quasits (D:4)
  7 hounds
  Crazy Yiuf (D:4)
  2 gnoll boudas (D:6)
  11 orc priests
  A water moccasin simulacrum (Lair:4)
  A cyclops simulacrum (Orc:1)
  2 jellies
  3 iguanas
  Natasha (D:3)
  12 orc wizards
  2 hell rats (Lair:2)
  14 mummies
  10 adders
  21 gnolls
  2 shadow imps (D:6)
  2 white imps
  An ufetubus (D:4)
  3 dart slugs
  50 orcs
  3 bat zombies (D:14)
  4 endoplasms
  9 goblins
  4 hobgoblins
  A quokka (D:1)
  5 ball pythons
  3 bats
  2 frilled lizards
  A gnoll skeleton (Ossuary)
  A goblin skeleton (Ossuary)
  A hobgoblin zombie (D:4)
  18 kobolds
  2 kobold skeletons (Ossuary)
  4 orc skeletons (Ossuary)
  2 orc zombies
  3 rats
  11 rat skeletons (Ossuary)
  A rat zombie (D:14)
  A plant (Shoals:4)
  A tentacle (Shoals:2)
933 creatures vanquished.

Vanquished Creatures (collateral kills)
  Mlioglotl (Snake:4)
  A quicksilver dragon (Snake:4)
  2 merfolk javelineers
  2 merfolk impalers (Shoals:4)
  A merfolk aquamancer (Shoals:4)
  4 anacondas
  A death yak (Lair:4)
  A naga warrior (Snake:2)
  A shock serpent (Snake:3)
  4 naga sharpshooters
  5 sea snakes (Shoals:4)
  3 naga ritualists (Snake:2)
  5 harpies
  A necromancer (Orc:1)
  An orc knight (Orc:1)
  3 mana vipers
  2 ugly things (D:14)
  6 manticores
  2 salamanders (Snake:2)
  3 black mambas
  An elephant (Lair:5)
  2 water nymphs (Shoals:4)
  4 merfolk sirens
  An ice statue (IceCv)
  A torpor snail (Lair:5)
  A naga mage (Snake:1)
  A komodo dragon (Lair:1)
  3 cane toads
  7 polar bears
  A hornet (Lair:5)
  4 merfolk
  A meliai (D:14)
  5 blink frogs
  3 dream sheep
  2 snapping turtles
  15 yaks
  A wraith (D:14)
  4 spriggans (Lair:5)
  2 basilisks
  10 nagas
  A water moccasin (Lair:5)
  An orc zombie (Orc:1)
  An ice beast (D:7)
  2 ogres
  11 wolves
  2 centaurs
  An orc skeleton (Orc:1)
  A hog zombie (Shoals:2)
  A bullfrog (Lair:2)
  A cyclops zombie (Orc:1)
  A jelly (Lair:1)
  An iguana (D:6)
  5 hell rats (Lair:2)
  An orc wizard (D:6)
  4 gnolls
  4 orcs
  5 kobolds
161 creatures vanquished.

Vanquished Creatures (others)
  A kraken zombie (Shoals:2)
  spectral Mlioglotl (Snake:4)
  3 anaconda zombies
  4 ugly thing zombies (D:14)
  A shock serpent zombie (Snake:4)
  A merfolk siren (Shoals:1)
  3 elf zombies (Shoals:2)
  3 sea snake zombies
  A death yak zombie (Lair:1)
  4 mana viper zombies
  6 harpy zombies
  2 human zombies
  2 hydra zombies
  2 guardian serpent zombies (Snake:4)
  2 meliai zombies (D:14)
  19 black mamba zombies
  3 wind drake zombies
  A deep troll zombie (Vaults:1)
  A two-headed ogre zombie (Orc:2)
  2 water nymph zombies (Shoals:4)
  23 naga zombies
  2 cane toad zombies
  4 manticore zombies
  2 hornet zombies (Lair:5)
  2 snapping turtle zombies
  6 blink frog zombies
  12 merfolk zombies
  3 dream sheep zombies (Lair:4)
  3 vampire mosquito zombies (D:13)
  3 elephant zombies
  A hog zombie (Shoals:2)
  A rime drake zombie (D:13)
  A komodo dragon zombie (Lair:1)
  A yaktaur zombie (D:14)
  A salamander zombie (Snake:3)
  3 cyclops zombies (D:13)
  A water moccasin zombie (Lair:5)
  5 spriggan zombies (Lair:5)
  6 polar bear zombies
  A tengu zombie (D:14)
  A killer bee (D:8)
  14 yak zombies
  16 wolf zombies
  7 centaur zombies
  A black bear zombie (D:6)
  A basilisk zombie (Lair:1)
  5 bullfrog zombies
  An orc wizard (Orc:2)
  7 killer bee zombies
  3 ogre zombies
  2 hound zombies
  A howler monkey zombie (D:8)
  2 steam dragon zombies (D:8)
  An adder zombie (D:4)
  An iguana zombie (D:6)
  A spectral shadow imp (D:6)
  9 gnoll zombies
  11 kobold zombies
  34 orc zombies
  57 fungi
  133 plants
  8 tentacles (Shoals:2)
459 creatures vanquished.

Grand Total: 1553 creatures vanquished

Notes
Turn   | Place    | Note
-------+----------+-------------------------------------------
     0 | D:1      | BubbleThief the Demonspawn Gladiator began the quest for
                  | the Orb.
     0 | D:1      | Reached XP level 1. HP: 16/16 MP: 1/1
   189 | D:1      | Reached skill level 3 in Polearms
   328 | D:1      | Gained mutation: You are partially covered in slimy green
                  | scales. (AC +2) [demonic ancestry]
   328 | D:1      | Reached XP level 2. HP: 22/22 MP: 2/2
  1584 | D:3      | Reached XP level 3. HP: 28/28 MP: 3/3
  1663 | D:3      | Noticed Sigmund
  2009 | D:3      | Noticed Natasha
  2016 | D:3      | Killed Natasha
  2296 | D:3      | Reached skill level 4 in Polearms
  2296 | D:3      | Reached XP level 4. HP: 32/35 MP: 4/4
  2368 | D:3      | Killed Sigmund
  2369 | D:3      | Reached skill level 5 in Polearms
  2369 | D:3      | Reached XP level 5. HP: 42/42 MP: 5/5
  2369 | D:3      | Reached XP level 6. HP: 48/48 MP: 6/6
  2674 | D:4      | Found a staircase to the Ecumenical Temple.
  2945 | D:4      | Found a runed translucent door.
  2946 | D:4      | Noticed Crazy Yiuf
  2959 | D:4      | Killed Crazy Yiuf
  3136 | D:4      | Reached skill level 6 in Polearms
  3166 | D:4      | Found a sand-covered staircase.
  3172 | Ossuary  | Entered an ossuary
  3238 | Ossuary  | Gained mutation: You have sharp fingernails. [demonic
                  | ancestry]
  3238 | Ossuary  | Reached XP level 7. HP: 55/55 MP: 7/7
  3619 | D:4      | Found a basalt altar of Yredelemnul.
  3632 | D:4      | Became a worshipper of Yredelemnul the Dark
  3800 | D:4      | Reached * piety under Yredelemnul
  3917 | D:4      | Reached skill level 5 in Fighting
  3963 | D:5      | Entered Level 5 of the Dungeon
  4001 | D:5      | Reached skill level 7 in Polearms
  4082 | D:5      | Gained mutation: You are partially covered in sharp spines.
                  | [demonic ancestry]
  4082 | D:5      | Reached XP level 8. HP: 44/63 MP: 8/8
  4163 | D:5      | Found a shimmering blue altar of Sif Muna.
  4199 | D:5      | Found Atwil's Weapon Boutique.
  4265 | D:5      | Identified the +2 pair of boots "Riarurot" {Harm Dex+3
                  | Stlth+}
  4441 | D:5      | Reached skill level 8 in Polearms
  4459 | D:5      | Reached ** piety under Yredelemnul
  4865 | D:6      | Reached skill level 9 in Polearms
  4889 | D:6      | Reached XP level 9. HP: 72/72 MP: 9/9
  4898 | D:6      | Reached *** piety under Yredelemnul
  5204 | D:6      | Reached skill level 10 in Polearms
  5326 | D:6      | Found a hazy altar of Hepliaklqana.
  5671 | D:7      | Found an opulent altar of Gozag.
  5725 | D:7      | Reached skill level 11 in Polearms
  5839 | D:7      | Found a hide-covered altar of Uskayaw.
  5944 | D:8      | Found a staircase to the Lair.
  5985 | D:8      | Noticed jimonade's ghost (novice DjHW)
  5990 | D:8      | Found a runed translucent door.
  6052 | D:8      | Gained mutation: You have very sharp fingernails. [demonic
                  | ancestry]
  6052 | D:8      | Reached XP level 10. HP: 77/82 MP: 10/10
  6119 | D:8      | Noticed a two-headed ogre
  6136 | D:8      | Killed a two-headed ogre
  6391 | D:8      | Reached skill level 12 in Polearms
  6870 | Lair:1   | Entered Level 1 of the Lair of Beasts
  6871 | Lair:1   | Noticed Urug
  6883 | Lair:1   | Killed Urug
  6931 | Lair:1   | Noticed a death yak
  6931 | Lair:1   | Noticed a death yak
  6995 | Lair:1   | Noticed Maggie
  7010 | Lair:1   | Killed Maggie
  7011 | Lair:1   | Reached skill level 10 in Fighting
  7050 | Lair:1   | Found a hazy altar of Hepliaklqana.
  7066 | Lair:1   | Noticed a black mamba
  7073 | Lair:1   | Killed a black mamba
  7104 | Lair:2   | Found a staircase to the Shoals.
  7143 | Lair:2   | Noticed a cane toad
  7154 | Lair:2   | Killed a cane toad
  7203 | Lair:2   | Reached XP level 11. HP: 76/92 MP: 11/11
  7220 | Lair:2   | Reached skill level 13 in Polearms
  7488 | Lair:2   | Found a staircase to the Snake Pit.
  7505 | Lair:2   | Found a frozen archway.
  7520 | IceCv    | Entered an ice cave
  7561 | IceCv    | Noticed a white ugly thing
  7573 | IceCv    | Killed a white ugly thing
  7826 | IceCv    | Reached skill level 14 in Polearms
  7864 | IceCv    | Noticed a frost giant
  7893 | IceCv    | Killed a frost giant
  7978 | IceCv    | Got the Incunabulum of Frost
  8067 | IceCv    | Reached **** piety under Yredelemnul
  8070 | IceCv    | Reached ***** piety under Yredelemnul
  8072 | IceCv    | Reached ****** piety under Yredelemnul
  8073 | IceCv    | Gained mutation: Spells you cast may paralyse adjacent
                  | enemies. [demonic ancestry]
  8073 | IceCv    | Reached XP level 12. HP: 97/102 MP: 12/12
  8083 | IceCv    | Noticed a death yak
  8099 | IceCv    | Killed a death yak
  8172 | IceCv    | Reached skill level 15 in Polearms
  8855 | Lair:3   | Found a runed translucent gate.
  8855 | Lair:3   | Found a runed translucent gate.
  8855 | Lair:3   | Found a runed translucent gate.
  8857 | Lair:3   | Noticed a catoblepas
  8858 | Lair:3   | Noticed Liwostraq's ghost (journeyman MeFi)
  8879 | Lair:3   | Identified the amulet of the Flying Gods {Spirit rElec}
  9511 | Lair:4   | Noticed a six-headed hydra
  9579 | Lair:4   | Reached skill level 16 in Polearms
  9599 | Lair:4   | Found a staircase to the Slime Pits.
  9769 | Lair:4   | Found a transporter.
  9798 | Lair:4   | Noticed a death yak
  9798 | Lair:4   | Noticed a death yak
  9799 | Lair:4   | Noticed a death yak
  9799 | Lair:4   | Noticed a death yak
  9799 | Lair:4   | Noticed a death yak
  9808 | Lair:4   | Killed a death yak
  9820 | Lair:4   | Killed a death yak
  9824 | Lair:4   | Killed a death yak
  9825 | Lair:4   | Gained mutation: You have claws for hands. [demonic
                  | ancestry]
  9825 | Lair:4   | Reached XP level 13. HP: 95/111 MP: 13/13
 10041 | Lair:4   | You fall into a shaft and drop 1 floor!
 10041 | Lair:5   | Entered Level 5 of the Lair of Beasts
 10080 | Lair:5   | Reached skill level 17 in Polearms
 10277 | Lair:5   | Identified the +1 robe of the Untouchables {-Tele Harm
                  | Int+3}
 10644 | Lair:5   | Reached skill level 18 in Polearms
 10980 | Lair:5   | Identified 3 scrolls of acquirement
 11076 | Lair:5   | Gained mutation: You are mostly covered in slimy green
                  | scales. (AC +3) [demonic ancestry]
 11076 | Lair:5   | Reached XP level 14. HP: 121/121 MP: 14/14
 11404 | Lair:4   | Found a transporter.
 11681 | Lair:3   | Killed Liwostraq's ghost
 11857 | Lair:1   | Reached skill level 1 in Armour
 12006 | Lair:1   | Noticed Harold
 12010 | Lair:1   | Killed Harold
 12145 | Lair:1   | Reached skill level 15 in Fighting
 12302 | Lair:1   | Found a runed translucent gate.
 12302 | Lair:1   | Found a runed translucent gate.
 12302 | Lair:1   | Found a runed translucent gate.
 12305 | Lair:1   | Noticed Valagong's ghost (journeyman MiFi)
 12308 | Lair:1   | Found a viscous altar of Jiyva.
 12317 | Lair:1   | HP: 2/123 [very large slime creature (62)]
 12441 | Lair:1   | Killed Valagong's ghost
 12665 | D:8      | Killed jimonade's ghost
 12823 | D:9      | Found Niumeak's Island Escapes.
 12932 | D:9      | Found a burning altar of Makhleb.
 13262 | D:9      | Found the amulet of Elemental Vulnerability {rPois rF--
                  | rC-- AC+8}
 13475 | D:9      | Reached skill level 19 in Polearms
 13598 | D:10     | Entered Level 10 of the Dungeon
 13688 | D:9      | Bought a scroll of blinking for 90 gold pieces
 13688 | D:9      | Bought a scroll of blinking for 90 gold pieces
 13721 | D:10     | Identified the +1 halberd "Junwup" {heavy, rF+ Int+3
                  | Stlth+}
 13751 | D:10     | Noticed Erica
 13756 | D:10     | Reached skill level 5 in Armour
 13762 | D:10     | Killed Erica
 14570 | D:11     | Noticed Gastronok
 14578 | D:11     | Killed Gastronok
 15016 | D:12     | Found a staircase to the Orcish Mines.
 15765 | D:13     | Reached XP level 15. HP: 118/129 MP: 15/15
 16359 | Orc:1    | Entered Level 1 of the Orcish Mines
 16733 | Orc:2    | Entered Level 2 of the Orcish Mines
 16733 | Orc:2    | Found a staircase to the Elven Halls.
 16769 | Orc:2    | Reached skill level 20 in Polearms
 17236 | Orc:2    | Found a runed translucent door.
 17253 | Orc:2    | Noticed sirJeffrey23's ghost (journeyman MiFi)
 17511 | Orc:2    | Found Ycluos's Weapon Shop.
 17511 | Orc:2    | Found Liusani's Armour Emporium.
 17513 | Orc:2    | Found Oppis's Jewellery Shoppe.
 17515 | Orc:2    | Found Togrischy's Distillery.
 17522 | Orc:2    | Bought a +4 ring of slaying for 936 gold pieces
 17527 | Orc:2    | Bought a potion of resistance for 140 gold pieces
 17527 | Orc:2    | Bought a potion of heal wounds for 70 gold pieces
 17527 | Orc:2    | Bought a potion of heal wounds for 70 gold pieces
 17527 | Orc:2    | Bought a potion of might for 56 gold pieces
 17527 | Orc:2    | Bought a potion of haste for 140 gold pieces
 17527 | Orc:2    | Bought a potion of curing for 42 gold pieces
 17677 | Orc:2    | Killed sirJeffrey23's ghost
 17709 | Orc:1    | Found Mubousih's Self-Improvement Boutique.
 18187 | D:14     | Noticed Josephine
 18455 | D:14     | Reached skill level 10 in Armour
 18466 | D:14     | Found a gate to the Vaults.
 18610 | D:14     | Killed Josephine
 18971 | D:14     | Found an ancient bone altar of Kikubaaqudgha.
 19080 | D:15     | Entered Level 15 of the Dungeon
 19133 | D:15     | Found a staircase to the Depths.
 19133 | D:15     | Noticed a fire giant
 19251 | D:15     | Reached skill level 21 in Polearms
 19512 | D:14     | Acquired the +1 cloak of Starlight {*Dazzle EV+4 Stlth--}
 19512 | D:14     | Found the +1 cloak of Starlight {*Dazzle EV+4 Stlth--}
 19526 | D:14     | Acquired 1268 gold pieces
 19684 | Orc:1    | Bought a manual of Fighting for 1200 gold pieces
 19684 | Orc:1    | Bought a manual of Armour for 1200 gold pieces
 19970 | Snake:1  | Entered Level 1 of the Snake Pit
 20315 | Snake:1  | Found a bloodstained altar of Trog.
 20799 | Snake:1  | Gained mutation: You are mostly covered in sharp spines.
                  | [demonic ancestry]
 20799 | Snake:1  | Reached XP level 16. HP: 117/136 MP: 4/16
 21209 | Snake:2  | HP: 4/138 [something (7)]
 22104 | Snake:3  | Reached skill level 22 in Polearms
 22387 | Snake:3  | Found Osorivie's Jewellery Shop.
 22388 | Snake:3  | Found Inymoggu's Jewellery Shop.
 22389 | Snake:3  | Found Inyfuntu's General Store.
 22392 | Snake:3  | Found Zegram's Book Shop.
 22398 | Snake:3  | Bought a scroll of enchant armour for 120 gold pieces
 22398 | Snake:3  | Bought a potion of curing for 48 gold pieces
 23494 | Snake:4  | Entered Level 4 of the Snake Pit
 23494 | Snake:4  | Noticed Mlioglotl
 23494 | Snake:4  | Found an iron altar of Okawaru.
 23644 | Snake:4  | Reached XP level 17. HP: 147/147 MP: 17/17
 23859 | Snake:4  | Killed Mlioglotl
 23885 | Snake:4  | Noticed a quicksilver dragon
 23887 | Snake:4  | Noticed a quicksilver dragon
 23894 | Snake:4  | Your ally Mlioglotl died
 23898 | Snake:4  | Killed a quicksilver dragon
 23906 | Snake:4  | Killed a quicksilver dragon
 24101 | Snake:4  | Got a serpentine rune of Zot
 24896 | Shoals:1 | Entered Level 1 of the Shoals
 24903 | Shoals:1 | You fall into a shaft and drop 1 floor!
 24952 | Shoals:1 | Found Taseocej's Jewellery Shop.
 25668 | Shoals:1 | Reached skill level 15 in Armour
 26002 | Shoals:2 | Noticed Kirke
 26006 | Shoals:2 | Reached skill level 23 in Polearms
 26157 | Shoals:2 | Killed Kirke
 26193 | Shoals:2 | Found Rosir's Overcharged Wands.
 26333 | Shoals:2 | Noticed a kraken
 26689 | Shoals:2 | Killed a kraken
 26778 | Shoals:2 | Noticed Ilsuiw
 26792 | Shoals:2 | Killed Ilsuiw
 27296 | Shoals:3 | Noticed Aizul
 27297 | Shoals:3 | Gained mutation: Your presence sometimes corrodes those you
                  | injure. [demonic ancestry]
 27297 | Shoals:3 | Reached XP level 18. HP: 152/160 MP: 18/18
 27306 | Shoals:3 | Killed Aizul
 27441 | Shoals:3 | Found Cumeoloc's Antique Armour Shop.
 27755 | Shoals:4 | Entered Level 4 of the Shoals
 28381 | Shoals:4 | Got a barnacled rune of Zot
 28809 | Shoals:4 | Reached skill level 24 in Polearms
 29195 | Vaults:1 | Entered Level 1 of the Vaults
 29196 | Vaults:1 | Acquired 1237 gold pieces
 29479 | Snake:3  | Bought the ring "Suotsaw" {rPois rC+ rN+ Int-5 Dex+2} for
                  | 511 gold pieces
 29578 | Shoals:1 | Bought the ring of Giubuv {rN+ Str+5} for 487 gold pieces
 29855 | Vaults:1 | Reached skill level 1 in Invocations
 29953 | D:14     | Reached skill level 5 in Invocations
 29955 | D:14     | Slain by an ironbound preserver

Illustrated notes

Levels and vault maps discovered:
D:1:      ncdulo_watergridlock, layout_loops_corners
D:2:      layout_basic
D:3:      layout_loops_corners, uniq_natasha, uniq_sigmund
D:4:      cheibrodos_quashed, layout_basic, mainiacjoe_overflow_tiny_flanked,
          minmay_temple_entry_drinking_statues, nicolae_ossuary_entry_giza,
          serial_bayou_pond_d, uniq_robin, uniq_crazy_yiuf_cottage
D:5:      layout_rooms, kennysheep_little_box, serial_shops,
          nicolae_lakefront_shop, dreamdust_princess_corridor
D:6:      layout_gridville, worldfamousw_hep_ancestral_shrine, zin_academy,
          grunt_potential
D:7:      layout_cave_pools, grunt_gozag_statues, general_overflow_altar
D:8:      minmay_polygon_palace, layout_loops_ring, lair_entry_dummy,
          hellmonk_ghost_happy_afterlife
D:9:      layout_grid_maze, amcnicky_altar_gilded, chequers_serial_rivers_marsh,
          minmay_misc_feat_tower, nicolae_island_escapes
D:10:     layout_cave_pools, uniq_erica
D:11:     layout_irregular_city, uniq_gastronok
D:12:     layout_rooms, orc_0_dummy
D:13:     layout_basic, kb_rosetta
D:14:     layout_long_grid, grunt_vaults_entry_fortified,
          minmay_misc_feat_doors, lemuel_zombie_altar_kikubaaqudgha,
          uniq_josephine
D:15:     grunt_enter_depths_giant_problem, layout_loops_ring
Lair:1:   layout_roguey, gammafunk_ghost_ooze, basic_altar,
          serial_bayou_shore_a, uniq_maggie, uniq_urug, uniq_harold
Lair:2:   layout_cave_shapes, elwin_shoals_entry_rocks,
          minmay_snake_entry_guardpost_small, gauntlet_entry_generic,
          portal_ice_cave_entry_pillars_1
Lair:3:   layout_chaotic_city, gammafunk_ghost_split, patterned_corridor
Lair:4:   gammafunk_cloud_chamber, layout_misc_corridors, slime_entry_1,
          grunt_megastairs_3
Lair:5:   minmay_lair_end_enchanted_forest, layout_regular_city,
          lemuel_fruit_fields
Shoals:1: nicolae_shoals_island_circles, layout_shoals, serial_shops, shop,
          st_sunken_huts
Shoals:2: nicolae_shoals_deep_elves_summer_vacation, layout_shoals,
          nicolae_shop_overcharged_wands, uniq_kirke, uniq_ilsuiw
Shoals:3: layout_shoals, serial_shops, nicolae_shop_behind_doors, uniq_aizul
Shoals:4: shoals_end_simple, layout_shoals
Snake:1:  layout_honeycomb, basic_altar, nicolae_snake_gridmaze_tees
Snake:2:  layout_misc_corridors, nicolae_elevator_lobby_asterisk
Snake:3:  layout_layer_cave, minmay_shop_grid_forest, grunt_megastairs_4
Snake:4:  hellmonk_snake_rune_quicksilver_temple, layout_layer_cave,
          basic_altar, uniq_mlioglotl
Orc:1:    dreamdust_under_siege, layout_caves, basic_altar,
          nicolae_shop_self_help
Orc:2:    st_orc_rangers, layout_caves, ebering_ghost_inner_flame
Vaults:1: ebering_ghost_gozag, nicolae_vaults_inception_scallops,
          vaults_mumra_hexcomb, hangedman_vaults_locks,
          hangedman_vaults_stitches, vaults_room_fancy_cross,
          nicolae_vaults_little_squares_1, nicolae_vaults_little_squares_5,
          hangedman_vaults_stretched_pinwheel, vaults_mumra_minichess,
          nicolae_vaults_specimen_jars, layout_vaults_ring

Skill      XL: |  1  2  3  4  5  6  7  8  9 10 11 12 13 14 15 16 17 18 |
---------------+-------------------------------------------------------+-----
Polearms       | 3 4 5 6 7 9 11 12 14 16 18 19 21 22 23 24 | 24.0
Fighting       | 3 4 5 7 8 10 11 13 14 15 17 19 20 | 20.0
Armour         | 7 11 13 15 16 | 16.1
Invocations    | 5 |  5.0
Throwing       | |  1.7
Dodging        | |  2.6

Action                     |  1- 3 |  4- 6 |  7- 9 | 10-12 | 13-15 | 16-18 || total
---------------------------+-------+-------+-------+-------+-------+-------++-------
  Melee: Trident           |    96 |   133 |   343 |       |       |       ||   572
         Punch             |       |     3 |     5 |     5 |     1 |       ||    14
         Spear             |       |       |   211 |   518 |   209 |       ||   938
         Bardiche          |       |       |       |       |   715 |   818 ||  1533
         Glaive            |       |       |       |       |    12 |       ||    12
         Unarmed           |       |       |       |       |       |     2 ||     2
  Throw: Throwing net      |       |     3 |       |     4 |       |       ||     7
 Invoke: Dark Bargain      |       |       |       |     1 |       |     1 ||     2
         Recall Undead Har |       |       |       |       |     2 |     2 ||     4
  Evoke: Wand              |       |     1 |     1 |     5 |       |     3 ||    10
    Use: Scroll            |       |     6 |    13 |     3 |    19 |     5 ||    46
         Potion            |       |       |       |     1 |     2 |     6 ||     9
   Stab: Sleeping          |       |     2 |     5 |       |       |       ||     7
         Held in net/web   |       |     1 |       |     4 |       |       ||     5
         Distracted        |       |       |     6 |    13 |    14 |    14 ||    47
         Petrifying        |       |       |       |       |     1 |       ||     1
         Fleeing           |       |       |       |       |     1 |       ||     1
         Invisible         |       |       |       |       |       |    11 ||    11
 Armour: Leather armour    |    13 |    46 |   151 |       |       |       ||   210
         Chain mail        |       |       |     8 |   142 |   312 |   273 ||   735
  Dodge: Dodged            |    39 |    57 |   330 |   129 |   405 |   484 ||  1444

Table legend: (Time is in decaauts)
 A = Elapsed time spent in this place.
 B = Non-inter-level travel time spent in this place.
 C = Inter-level travel time spent in this place.
 D = Time resting spent in this place.
 E = Time spent auto-exploring this place.
 F = Levels seen in this place.
 G = Mean time per level.
                   A        B        C        D        E       F      G
               +--------+--------+--------+--------+--------+-----+--------+
         Total |  29796 |  27037 |   2759 |   1330 |  18940 |  33 |  902.9 |
       Dungeon |  12308 |  10923 |   1385 |    232 |   8166 |  15 |  820.5 |
          Lair |   5087 |   4559 |    528 |     17 |   3208 |   5 | 1017.4 |
        Shoals |   4334 |   4057 |    277 |    468 |   2449 |   4 | 1083.5 |
     Snake Pit |   4913 |   4646 |    267 |    384 |   3431 |   4 | 1228.2 |
  Orcish Mines |   1929 |   1632 |    297 |    176 |   1069 |   2 |  964.5 |
        Vaults |    103 |    100 |      3 |      0 |     37 |   1 |  103.0 |
       Ossuary |    407 |    407 |      0 |      0 |    242 |   1 |  407.0 |
      Ice Cave |    711 |    711 |      0 |     53 |    338 |   1 |  711.0 |
               +--------+--------+--------+--------+--------+-----+--------+

Top non-repeatable levels by time:
 Snake:3: 1668 daAuts
     D:8: 1420 daAuts
  Lair:5: 1302 daAuts
 Snake:4: 1260 daAuts
Shoals:1: 1233 daAuts
Shoals:2: 1230 daAuts
Shoals:4: 1189 daAuts
    D:13: 1188 daAuts
     D:3: 1187 daAuts
  Lair:1: 1175 daAuts
 Snake:2: 1105 daAuts
   Orc:1: 1096 daAuts
  Lair:3: 1005 daAuts
    D:14: 1001 daAuts
  Lair:2: 972 daAuts
